[Event "*** Titled Tuesday Blitz"]
[Site "Chess.com"]
[Date "2021.02.16"]
[Round "11"]
[White "AlexSuv"]
[Black "chescomhuynya"]
[Result "1-0"]
[WhiteElo "2469"]
[BlackElo "2576"]
[TimeControl "180+1"]
[EndTime "12:10:12 PST"]
[Termination "AlexSuv won by resignation"]

1. d4 Nf6 2. c4 g6 3. Nc3 Bg7 4.
e4 d6 5. Nf3 O-O 6. Be2 e5 7.
Be3 Nc6 8. d5 Ne7 9. Nd2 Nd7 10.
Qc2 f5 11. f3 Nf6 12. c5 f4 13. Bf2 g5 14. Nc4 h5 15. Nb5 Ne8 16. cxd6 cxd6 17. Nxa7 Bd7 18. b4 g4 19. Nb6 g3 20. hxg3 fxg3 21. Be3 Ng6 22. Nxa8 Qxa8 23. Bb5 Bxb5 24. Nxb5 Nf4 25. Bxf4 exf4 26. Rc1 Nf6 27. Nxd6 Qa7 28. Nf5 Bh8 29. Qc5 Qxa2 30. Ne7+ Kf7 31. d6 Qxg2 32.
Rxh5 Qf2+ 33. Qxf2 gxf2+ 34. Kxf2 Nxh5 35. Rc7 Bd4+ 36. Ke2 Ke6 37. Nf5 Ng3+ 38. Kd3 Nxf5 39. exf5+ Kd5 40. d7 Bf6 41. Rxb7 Ra8 42. b5 Ra3+ 43.
Ke2 Ra2+ 44. Kd3 Ra3+ 45. Ke2 Ra2+ 46. Kd3 Kc5 47. b6 Rb2 48. Rb8 Rb1 49. Ke4 Rd1 50.
b7 Kb6 51. Rf8 Rxd7 52. b8=Q+ 1-0

[Event "*** Titled Tuesday Blitz"]
[Site "Chess.com"]
[Date "2021.02.16"]
[Round "11"]
[White "Rodchenkov_Vitalij"]
[Black "andrewtnb"]
[Result "0-1"]
[WhiteElo "2520"]
[BlackElo "2326"]
[TimeControl "180+1"]
[EndTime "12:10:13 PST"]
[Termination "andrewtnb won by checkmate"]

1. d4 Nf6 2. c4 e6 3. Nc3 d5 4. cxd5 exd5 5. Bg5 c6 6. e3 Be7 7. Qc2 Bg4 8. Bd3 Bh5 9. Nf3 Bg6 10. O-O O-O 11.
Rab1 a5 12. a3 Nbd7 13. b4 axb4 14. axb4 b5 15. Bxg6 hxg6 16. Ne5 Nxe5 17. dxe5 Nd7 18. Bf4 Nb6 19. e6 fxe6 20. Qxg6 Bf6 21. Ne2 e5 22. Bg3 Nc4 23. Rfd1 Ra2 24. Qg4 Qc8 25. Qh5 Qe6 26. Kh1 Rfa8 27. Ng1 Nd2 28. Rbc1 Nc4 29. Nf3 Rb2 30.
Bh4 Rxb4 31. Bxf6 Qxf6 32. Ng5 Qf5 33. g4 Qf6 34. Qh7+ Kf8 35. Qh8+ Ke7 36. Qxa8 Qxg5 37.
Qc8 Qf6 38. Rc2 Qf3+ 39. Kg1 Qxd1+ 40. Kg2 Nxe3+ 41. fxe3 Rxg4+ 42. Kh3 Qf3# 0-1

[Event "*** Titled Tuesday Blitz"]
[Site "Chess.com"]
[Date "2021.02.16"]
[Round "11"]
[White "Natalya_Buksa"]
[Black "Manukyan_Artak"]
[Result "1-0"]
[WhiteElo "2517"]
[BlackElo "2407"]
[TimeControl "180+1"]
[EndTime "12:10:14 PST"]
[Termination "Natalya_Buksa won by resignation"]

1. e4 c6 2. Nc3 d5 3. Nf3 Bg4 4. h3 Bxf3 5. Qxf3 Nf6 6. e5 Nfd7 7. d4 e6 8. Bd3 c5 9. Qg3 cxd4 10. Ne2 Nc6 11.
Bf4 Qa5+ 12. Bd2 Qb6 13. f4 g6 14. O-O O-O-O 15. b4 Bxb4 16. Rab1 Qc5 17. Bxb4 Nxb4 18.
Rb3 Nb6 19. Rfb1 Nxa2 20. Rb5 Qc7 21. Ra5 Nc3 22. Nxc3 dxc3 23. Rxa7 Kb8 24. Ra2 Qc5+ 25. Kh2 Kc7 26. Rb3 Ra8 27. Rxa8 Rxa8 28. Be2 Ra3 29. Rb5 Qd4 30. Qh4 Nd7 31. Rb1 Ra2 32. Bd3 Nxe5 33. Qe7+ Nd7 34. Rxb7+ Kxb7 35. Qxd7+ Kb6 36.
Qd8+ Kb7 37. Qd7+ Kb6 38. Qd6+ Kb7 39. Qe7+ Kc6 40. Qxf7 Qc5 41. Qe8+ Kb6 42. Qb8+ Kc6 43. Qc8+ Kb6 44. Qxe6+ Qc6 45. Qe3+ Qc5 46. Qe8 Ra1 47. Qb8+ Kc6 48. Qe8+ Kb6 49. Kg3 Qe3+ 50. Qxe3+ 1-0

[Event "*** Titled Tuesday Blitz"]
[Site "Chess.com"]
[Date "2021.02.16"]
[Round "11"]
[White "ErikRonka"]
[Black "Piotrek1979"]
[Result "1-0"]
[WhiteElo "2500"]
[BlackElo "2401"]
[TimeControl "180+1"]
[EndTime "12:10:14 PST"]
[Termination "ErikRonka won on time"]

1. e4 c5 2. Nf3 Nc6 3. Nc3 g6 4. d4 cxd4 5. Nxd4 Bg7 6. Be3 Nf6 7. Bc4 Qa5 8. O-O O-O 9. Bb3 d6 10. h3 Bd7 11. Re1 Rfe8 12. Nf3 Rad8 13. Qe2 Ne5 14. Nd4 Rc8 15. Rad1 b5 16. Bg5 Nc4 17. Bc1 Rc5 18. Nd5 Nxd5 19. exd5 Rxd5 20. Nxb5 Rxd1 21. Rxd1 Nxb2 22. Rd5 e6 23. Nxd6 exd5 24.
Nxe8 Nc4 25. Qe7 Bxe8 26. Qxe8+ Bf8 27. Bh6 Qc5 28. Qd8 Qe7 29. Qa8 Qe1+ 30. Kh2 Qe5+ 31. g3 Qd6 32. Bxf8 Qxf8 33. Qxa7 Ne5 34. Qe3 Qe8 35. Bxd5 Qe7 36. a4 1-0

[Event "*** Titled Tuesday Blitz"]
[Site "Chess.com"]
[Date "2021.02.16"]
[Round "11"]
[White "McCarthyStone"]
[Black "KruHor"]
[Result "0-1"]
[WhiteElo "2370"]
[BlackElo "2516"]
[TimeControl "180+1"]
[EndTime "12:10:14 PST"]
[Termination "KruHor won on time"]

1. g3 d5 2. Bg2 e5 3. d3 Bd6 4.
Nd2 Nf6 5. Ngf3 e4 6. dxe4 dxe4 7. Ng5 e3 8. Nde4 h6 9. Nxf6+ Qxf6 10. Ne4 exf2+ 11.
Nxf2 Bc5 12. O-O O-O 13. Kh1 Qe7 14. Nd3 Nc6 15. Nxc5 Qxc5 16. c3 Be6 17. Bf4 Rad8 18. Qa4 Bd5 19. e4 Bc4 20. Rfd1 Bb5 21. Qb3 Na5 22.
Qb4 Qb6 23. Bxc7 Qxc7 24. Qxb5 Nc4 25. Rd5 Ne3 26. Rc5 Qe7 27. Re5 Qf6 28. Rd5 Qf2 29. Rg1 Rfe8 30. Qxb7 Rxd5 31. exd5 Nxg2 32. d6 Ne1 33. d7 Rf8 0-1

[Event "*** Titled Tuesday Blitz"]
[Site "Chess.com"]
[Date "2021.02.16"]
[Round "11"]
[White "MergenKakabaev"]
[Black "Kapitan_Bayan"]
[Result "1/2-1/2"]
[WhiteElo "2396"]
[BlackElo "2482"]
[TimeControl "180+1"]
[EndTime "12:10:15 PST"]
[Termination "Game drawn by repetition"]

1. e4 Nc6 2. Nf3 d5 3. exd5 Qxd5 4. Nc3 Qa5 5. Bc4 Bg4 6. h3 Qh5 7. O-O Bxf3 8. Qxf3 Qxf3 9. gxf3 Nd4 10. Nb5 Nxc2 11. Nxc7+ Kd7 12. Nxa8 Nxa1 13. d3 Nc2 14. Bxf7 Nh6 15.
Bxh6 gxh6 16. Rc1 Bg7 17. Nb6+ axb6 18. Rxc2 Kd6 19. a4 Rf8 20. Bh5 Rf4 21. b3 Rh4 22. Bg4 h5 23. Bc8 Rb4 24. Bxb7 Rxb3 25. Be4 Bd4 26.
Rc6+ Kd7 27. Rh6 Ra3 28. Bc6+ Kc7 29. Bb5 Ra2 30. Rxh5 Rxf2 31. Rd5 Be3 32. Re5 Rxf3+ 33. Kg2 Rf2+ 34. Kg1 Rf3+ 35. Kg2 Rf2+ 36. Kg1 Rf3+ 1/2-1/2

[Event "*** Titled Tuesday Blitz"]
[Site "Chess.com"]
[Date "2021.02.16"]
[Round "11"]
[White "The_filthy"]
[Black "hypert"]
[Result "0-1"]
[WhiteElo "2322"]
[BlackElo "2492"]
[TimeControl "180+1"]
[EndTime "12:10:15 PST"]
[Termination "hypert won on time"]

1. e4 c5 2. Nf3 Nc6 3. d4 cxd4 4. Nxd4 e5 5. Nb5 a6 6. Nd6+ Bxd6 7. Qxd6 Qf6 8. Qd1 Qg6 9. Nc3 d5 10. Nxd5 Qxe4+ 11. Be2 Nd4 12. Nc7+ Ke7 13. Nxa8 Qxg2 14. Rf1 Bf5 15. Qd2 Nxc2+ 16. Kd1 Nf6 17. Qc3 Rd8+ 18.
Bd2 Nxa1 19. Qc5+ Rd6 20. Qc7+ Bd7 21. Nb6 Ne4 22. Nc8+ Ke6 23. Bc4+ Kf6 24. Nxd6 Bg4+ 25.
Kc1 Nxd6 26. Qxd6+ Be6 27. Qd8+ Kg6 28. Qd3+ e4 29.
Qe2 Bg4 30. Qe1 b5 31. Rg1 Qh3 32. Qxe4+ f5 33. Qe6+ Kh5 34. Qf7+ Kh4 0-1

[Event "*** Titled Tuesday Blitz"]
[Site "Chess.com"]
[Date "2021.02.16"]
[Round "11"]
[White "GMKrikor"]
[Black "Zurability"]
[Result "1-0"]
[WhiteElo "2806"]
[BlackElo "2641"]
[TimeControl "180+1"]
[EndTime "12:10:16 PST"]
[Termination "GMKrikor won by resignation"]

1. Nf3 d5 2. c4 d4 3. b4 f6 4. e3 e5 5. c5 Nc6 6. Qb3 a5 7. Bc4 Nh6 8. O-O axb4 9. exd4 Nxd4 10. Nxd4 Qxd4 11. Bb2 Qh4 12. d4 Bd7 13. Nd2 Bc6 14. Nf3 Qg4 15. h3 Qh5 16. dxe5 O-O-O 17. exf6 gxf6 18. Bxf6 Bxc5 19. Bxh8 Rxh8 20. Rad1 Bxf3 21. Qxf3 Qxf3 22. gxf3 Rf8 23. Kg2 Rf6 24. Rfe1 c6 25.
Be6+ Kc7 26. Rd7+ Kb6 27. Rxh7 Rg6+ 28. Kf1 Rf6 29. Re2 Bd4 30. h4 c5 31. h5 Kb5 32.
Rxb7+ Kc6 33. Rh7 Kd6 34. Bc4 Nf5 35. Rf7 Rxf7 36. Bxf7 Nh6 37. Re6+ 1-0

[Event "*** Titled Tuesday Blitz"]
[Site "Chess.com"]
[Date "2021.02.16"]
[Round "11"]
[White "bylavochka"]
[Black "ARTHURMOTIVATOR"]
[Result "0-1"]
[WhiteElo "2109"]
[BlackElo "2333"]
[TimeControl "180+1"]
[EndTime "12:10:16 PST"]
[Termination "ARTHURMOTIVATOR won by checkmate"]

1. e4 e5 2. Nc3 Nc6 3. g3 Bc5 4. Bg2 d6 5. Nge2 h5 6. h3 Nge7 7. Na4 Bb6 8. Nxb6 axb6 9. d3 Be6 10. a3 Qd7 11. f4 f5 12. exf5 Bxf5 13. fxe5 dxe5 14. Bg5 O-O-O 15. Qd2 Qe6 16. Qe3 Nd5 17. Qd2 Rd7 18. O-O-O Nf6 19. Nc3 Nd4 20. Rde1 Rhd8 21. Qf2 b5 22. Bf4 b4 23. axb4 Qa6 24. Kb1 Nxc2 25. Kxc2 Bxd3+ 26. Kb3 Bc4+ 27. Kc2 exf4 28. Qxf4 Bd3+ 29. Kb3 Rd4 30. Be4 Qc4+ 31. Ka3 Nxe4 32. Nxe4 Qxb4+ 33. Ka2 Qa4# 0-1

[Event "*** Titled Tuesday Blitz"]
[Site "Chess.com"]
[Date "2021.02.16"]
[Round "11"]
[White "Happy1712Drummer"]
[Black "markowskitomasz"]
[Result "1-0"]
[WhiteElo "2471"]
[BlackElo "2591"]
[TimeControl "180+1"]
[EndTime "12:10:17 PST"]
[Termination "Happy1712Drummer won on time"]

1. Nf3 c5 2. c4 g6 3. Nc3 Bg7 4. g3 Nc6 5. Bg2 e6 6. a3 Nge7 7. b4 b6 8. Rb1 O-O 9. O-O d6 10. e3 Bb7 11. d4 cxd4 12. Nxd4 Nxd4 13. Bxb7 Rb8 14. Bg2 Ndc6 15. Bb2 Ne5 16. Nb5 Nf5 17. Nxa7 Qc7 18. Bxe5 dxe5 19. Nc6 Ra8 20. Qb3 Nd6 21.
c5 Nb7 22. cxb6 Qxb6 23. a4 Kh8 24. a5 Qb5 25. Rfc1 Rac8 26. Bf1 Qd5 27. Qxd5 exd5 28. b5 d4 29. exd4 exd4 30. a6 Nd6 31. b6 Ne4 32. b7 Rxc6 33. Rxc6 1-0

[Event "*** Titled Tuesday Blitz"]
[Site "Chess.com"]
[Date "2021.02.16"]
[Round "11"]
[White "MagzyPotato"]
[Black "ChelsieMonica"]
[Result "0-1"]
[WhiteElo "2391"]
[BlackElo "2342"]
[TimeControl "180+1"]
[EndTime "12:10:17 PST"]
[Termination "ChelsieMonica won by resignation"]

1. e4 e5 2. Nf3 Nc6 3. Bb5 a6 4. Ba4 Nf6 5. O-O b5 6. Bb3 Be7 7. Re1 O-O 8. c3 d5 9. exd5 Nxd5 10. Nxe5 Nxe5 11. Rxe5 c6 12. d3 Bd6 13. Re1 Bf5 14. Qf3 Qd7 15. h3 Rae8 16. Rxe8 Rxe8 17. Nd2 Re1+ 18.
Nf1 g5 19. Bd1 Bf4 20. Bxf4 Nxf4 21. Kh2 Rxf1 22. d4 Qe6 23. Bb3 Rxa1 24. Bxe6 Bxe6 25. Qxc6 Bd5 26. Qc8+ Kg7 27. Qf5 h6 28. h4 f6 29.
hxg5 hxg5 30. f3 Rxa2 31. Qd7+ Bf7 32. b3 Rxg2+ 33. Kh1 Rb2 34. b4 Kg6 35. Qd5 Bxd5 0-1

[Event "*** Titled Tuesday Blitz"]
[Site "Chess.com"]
[Date "2021.02.16"]
[Round "11"]
[White "dpopadic"]
[Black "profofchess"]
[Result "0-1"]
[WhiteElo "2355"]
[BlackElo "2445"]
[TimeControl "180+1"]
[EndTime "12:10:18 PST"]
[Termination "profofchess won by checkmate"]

1. e4 e6 2. Nf3 d5 3. e5 Nh6 4.
d4 Nf5 5. Bd3 Nh4 6. O-O c5 7. c3 Nc6 8. Be3 Nxf3+ 9. Qxf3 Qb6 10.
Na3 a6 11. Rab1 Bd7 12. dxc5 Bxc5 13. Qg3 Bxe3 14. fxe3 O-O 15. Rf4 Ne7 16. Bxh7+ Kxh7 17. Qh4+ Kg8 18. Qxe7 Qxe3+ 19. Rf2 Bc6 20. Qd6 Rad8 21. Nc2 Qxf2+ 22. Kxf2 Rxd6 23. exd6 Rd8 24. Ke3 e5 25. Nb4 Rxd6 26. Nxc6 bxc6 27. b4 f5 28. Rb3 Kf7 29. Ra3 c5 30. bxc5 Rc6 31. Ra5 g5 32. g3 g4 33. Kd3 f4 34. Ra4 Rf6 35. c6 f3 36.
c7 f2 37. c8=Q f1=Q+ 38. Kc2 Rf2+ 39. Kb3 Qb1+ 40. Ka3 Qb2# 0-1

[Event "*** Titled Tuesday Blitz"]
[Site "Chess.com"]
[Date "2021.02.16"]
[Round "11"]
[White "alejogarcia1999"]
[Black "noblerone"]
[Result "0-1"]
[WhiteElo "2484"]
[BlackElo "2412"]
[TimeControl "180+1"]
[EndTime "12:10:19 PST"]
[Termination "noblerone won by resignation"]

1. d4 d5 2. c4 c6 3. e3 Nf6 4.
Nc3 a6 5. Nf3 b5 6. b3 Bg4 7.
Bd3 e6 8. O-O Be7 9. h3 Bh5 10.
Bb2 O-O 11. e4 b4 12. e5 bxc3 13. exf6 cxb2 14. fxe7 Qxe7 15. Rb1 Nd7 16. Rxb2 Nf6 17. Be2 a5 18. Rc2 Bg6 19. Rc1 Rfc8 20. Ne5 Nd7 21. f4 Nxe5 22. fxe5 Be4 23. Bd3 Bxd3 24.
Qxd3 a4 25. cxd5 cxd5 26. Rxc8+ Rxc8 27. bxa4 Qa7 28. Rb1 Qxa4 29. Qc3 Ra8 30. Rb7 h6 31. a3 Qxa3 32. Rb8+ Kh7 33. Qc2+ g6 34. Rb7 Ra7 35. Rxa7 Qxa7 36. Qc5 Qd7 37. Kf2 Kg7 38. g4 Qa4 39.
Qc3 Qa2+ 40. Kg3 Qe2 41. Qf3 Qxf3+ 42. Kxf3 f6 43. Kf4 Kf7 44. h4 g5+ 45. hxg5 hxg5+ 46. Ke3 fxe5 47. dxe5 Ke7 48. Kd3 Kd7 49. Kc3 Kc7 50. Kd3 Kb6 51. Kd2 Kb5 52. Kd3 Kb4 53. Kd4 Kb5 54.
Kd3 Kc5 55. Ke3 Kc4 56. Kd2 Kd4 0-1

[Event "*** Titled Tuesday Blitz"]
[Site "Chess.com"]
[Date "2021.02.16"]
[Round "11"]
[White "BvsN"]
[Black "TimKett"]
[Result "0-1"]
[WhiteElo "2343"]
[BlackElo "2245"]
[TimeControl "180+1"]
[EndTime "12:10:19 PST"]
[Termination "TimKett won on time"]

1. c4 e5 2. Nc3 Bb4 3. Nd5 Be7 4. Nf3 c6 5. Nxe7 Qxe7 6. e3 Nf6 7. d4 e4 8. Nd2 O-O 9. Be2 d5 10. O-O Re8 11.
f3 exf3 12. Nxf3 Bg4 13. Bd2 Nbd7 14. Qe1 Ne4 15. Bb4 Qe6 16. cxd5 cxd5 17. Qh4 a5 18. Be1 Rac8 19. Ng5 Nxg5 20. Bxg4 Qxe3+ 21. Bf2 Qf4 22.
Kh1 f5 23. Bh5 Qxh4 24. Bxh4 Nf7 25. Bxf7+ Kxf7 26. Rxf5+ Kg6 27. Raf1 Rc2 28. Rg5+ Kh6 29. Rg3 Ree2 30. Bg5+ Kh5 31. Bf4 Nf6 32. Rg5+ Kh4 33.
Rg3 Ne4 34. Rh3+ Kg4 0-1

[Event "*** Titled Tuesday Blitz"]
[Site "Chess.com"]
[Date "2021.02.16"]
[Round "11"]
[White "akanga001"]
[Black "bogcsab"]
[Result "0-1"]
[WhiteElo "1974"]
[BlackElo "2145"]
[TimeControl "180+1"]
[EndTime "12:10:20 PST"]
[Termination "bogcsab won on time"]

1. d4 Nf6 2. Nf3 g6 3. Bg5 Bg7 4. e3 h6 5. Bh4 d6 6. Bd3 Nbd7 7. c3 e5 8. Nbd2 O-O 9. O-O Qe8 10. e4 Nh7 11. Re1 f5 12. exf5 gxf5 13. dxe5 dxe5 14. Bg3 Kh8 15. Nxe5 Nxe5 16. f4 Qd8 17. fxe5 Qxd3 18. Nf3 Qxd1 19. Raxd1 Be6 20. Nd4 Rae8 21. Nb5 c6 22.
Nd6 Re7 23. a3 Ng5 24. c4 b6 25. b4 c5 26. h4 Nf7 27. Nxf7+ Rfxf7 28. bxc5 bxc5 29. Rd6 Bxc4 30. e6 Rf6 31. Rd8+ Kh7 32. Bd6 Rexe6 33. Rxe6 Rxe6 34. Bxc5 Rc6 35. Bxa7 Ra6 36. Bc5 Rc6 37.
Bb4 Bb5 38. Rb8 Ba4 39. Rb7 Kg6 40. Kh2 Be5+ 41. Kh3 Bd1 0-1

[Event "*** Titled Tuesday Blitz"]
[Site "Chess.com"]
[Date "2021.02.16"]
[Round "11"]
[White "ural58"]
[Black "Chesswizard_2007"]
[Result "0-1"]
[WhiteElo "2541"]
[BlackElo "2708"]
[TimeControl "180+1"]
[EndTime "12:10:23 PST"]
[Termination "Chesswizard_2007 won by resignation"]

1. e4 c5 2. b3 Nc6 3. Bb2 d6 4. Bb5 Bd7 5. Ne2 Nf6 6. Bxf6 gxf6 7.
O-O a6 8. Bxc6 Bxc6 9. Nbc3 e6 10. d4 cxd4 11. Nxd4 Bd7 12. Qh5 Be7 13. Rad1 Qc7 14. Rd3 Rf8 15. Nce2 Qc5 16. Qxh7 Qg5 17. f4 Qa5 18. a4 O-O-O 19. f5 e5 20. Nf3 Bc6 21.
Nc3 Qc5+ 22. Kh1 d5 23. exd5 Bxd5 24. Nxd5 Rxd5 25. Rxd5 Qxd5 26. Qh6 e4 27. Ng1 Qe5 28. Qf4 Bb4 29. Qxe5 fxe5 30. Rd1 e3 31. Ne2 Bd2 32. g3 Kd7 33. Kg2 Ke7 34. Kf3 Rc8 35. c4 b5 36. axb5 axb5 37. cxb5 Rb8 38. Ra1 Rxb5 39.
h4 Rxb3 40. Ra6 Rb1 41. f6+ Kd7 42. g4 Rf1+ 43. Ke4 Rf2 44. Ra7+ Kd6 45. Ra6+ Kc5 46. Ng3 Rg2 47. Kf3 Rf2+ 48. Ke4 Rg2 49. Kf3 Rxg3+ 50.
Kxg3 e2 51. Ra1 e1=Q+ 52. Rxe1 Bxe1+ 53. Kh3 Kd5 54. g5 Ke6 55. Kg4 Bb4 56. h5 Bf8 57.
h6 Bxh6 58. gxh6 Kxf6 59. Kh5 e4 60. Kg4 Kg6 61. Kf4 f5 0-1

[Event "*** Titled Tuesday Blitz"]
[Site "Chess.com"]
[Date "2021.02.16"]
[Round "11"]
[White "ChessSwole"]
[Black "Cuajada_Zero"]
[Result "1-0"]
[WhiteElo "2525"]
[BlackElo "2268"]
[TimeControl "180+1"]
[EndTime "12:10:23 PST"]
[Termination "ChessSwole won by checkmate"]

1. b3 d5 2. Bb2 Nf6 3. Nf3 g6 4.
e3 Bg7 5. d4 O-O 6. Be2 c5 7.
O-O cxd4 8. Nxd4 Nc6 9. c4 dxc4 10. Nxc6 bxc6 11. Bxc4 Qb6 12. h3 a5 13. Nc3 Rd8 14. Qf3 Ba6 15. Na4 Qc7 16. Rac1 Bxc4 17. Rxc4 Nd5 18.
Bxg7 Kxg7 19. Rfc1 Nb4 20. a3 Nd3 21. Rxc6 Qd7 22.
Rc7 Qd6 23. R1c3 Qxa3 24. Nb6 Ra6 25. Qb7 Qa1+ 26. Kh2 Rxb6 27. Qxb6 Nxf2 28. Rc1 Qe5+ 29. Kg1 Ne4 30. R7c2 Rd3 31. Rf1 f5 32. Qa7 Ng3 33. Re1 Ne4 34. Ra2 Rxb3 35. Rxa5 Qg3 36. Qxe7+ Kh6 37.
Qf8+ Kh5 38. Rf1 Qxe3+ 39. Kh2 Qg3+ 40. Kh1 Re3 41. Rfxf5+ gxf5 42. Qxf5+ Ng5 43. Qxh7# 1-0

[Event "*** Titled Tuesday Blitz"]
[Site "Chess.com"]
[Date "2021.02.16"]
[Round "11"]
[White "Chernov_Alexander_A"]
[Black "barriochess"]
[Result "0-1"]
[WhiteElo "2280"]
[BlackElo "2432"]
[TimeControl "180+1"]
[EndTime "12:10:24 PST"]
[Termination "barriochess won on time"]

1. e4 d6 2. d4 Nf6 3. Nc3 g6 4. Bf4 c6 5. Qd2 b5 6. f3 Bb7 7. h4 Nbd7 8. Be3 e5 9. Nge2 h5 10.
Nd1 Qe7 11. Nf2 Nb6 12. b3 Bg7 13. Rd1 Nbd7 14. dxe5 dxe5 15. g4 Nc5 16. Bg5 Rd8 17. Qe3 Rxd1+ 18. Kxd1 a6 19. Kc1 Ne6 20. Bh3 Nxg5 21.
hxg5 Nd7 22. Rd1 Qc5 23. Qxc5 Nxc5 24. Nd3 Nxd3+ 25. Rxd3 Bc8 26. Rd6 hxg4 27. Bxg4 Bxg4 28. fxg4 Rh4 29. Rxc6 Rxg4 30. Rxa6 Rxg5 31. Nc3 b4 32. Nd5 Rg4 33. Ra8+ Kd7 34. Ra7+ Ke8 35. Ra8+ Kd7 36.
Ra7+ Kd6 37. Rxf7 Bh6+ 38. Kb2 Rxe4 39. Ne7 Bd2 40. a3 Bc3+ 41. Ka2 Re1 0-1

[Event "*** Titled Tuesday Blitz"]
[Site "Chess.com"]
[Date "2021.02.16"]
[Round "11"]
[White "Kale36"]
[Black "MartinMatthiesen"]
[Result "0-1"]
[WhiteElo "2233"]
[BlackElo "2371"]
[TimeControl "180+1"]
[EndTime "12:10:24 PST"]
[Termination "MartinMatthiesen won by checkmate"]

1. d4 Nf6 2. Nc3 d5 3. Bg5 Bf5 4. f3 Nbd7 5. Nxd5 Nxd5 6. e4 c6 7. exf5 Qb6 8. Rb1 g6 9. c3 gxf5 10. Bd3 e6 11. Ne2 h6 12. Bd2 c5 13. c4 Nb4 14.
Bxb4 Qxb4+ 15. Qd2 cxd4 16. Nxd4 Ne5 17. Be2 O-O-O 18.
f4 Qxd2+ 19. Kxd2 Nc6 20. a3 Nxd4 21. Bd1 Bg7 22. Ke3 Rd7 23. Ba4 Nc6 24. Bxc6 bxc6 25. Rhd1 Rhd8 26. Rxd7 Rxd7 27. b4 Rd4 28. b5 Rxc4 29.
bxc6 Rxc6 30. g3 Rc3+ 31. Kf2 Rxa3 32. Kg2 a5 33. Kh3 a4 34. Kh4 Ra1 35. Rb4 a3 36.
Kh5 Rh1 37. Rc4+ Kb7 38. h4 a2 39. Rb4+ Kc6 40. Ra4 a1=Q 41. Rxa1 Rxa1 42. g4 fxg4 43. f5 g3 44. f6 Bxf6 45. Kxh6 g2 46. h5 g1=Q 47. Kh7 Qg7# 0-1

[Event "*** Titled Tuesday Blitz"]
[Site "Chess.com"]
[Date "2021.02.16"]
[Round "11"]
[White "Khnykin_Nikolay"]
[Black "LenkaPtacnikova"]
[Result "1-0"]
[WhiteElo "2060"]
[BlackElo "2082"]
[TimeControl "180+1"]
[EndTime "12:10:24 PST"]
[Termination "Khnykin_Nikolay won on time"]

1. e4 c5 2. d4 cxd4 3. c3 Nf6 4. e5 Nd5 5. Bc4 e6 6. cxd4 d6 7. Nf3 Nc6 8. Bxd5 exd5 9. O-O Bg4 10. exd6 Bxd6 11. Re1+ Be7 12. Qb3 Bxf3 13. gxf3 Qd7 14. Be3 O-O 15. Nc3 Rfd8 16. Kh1 Bf6 17. Rg1 b6 18.
Qd1 Qf5 19. Rg3 Rac8 20. Qd2 Na5 21. Rag1 Nc4 22. Qe2 Re8 23. f4 g6 24. Qf3 Nxb2 25. Nxd5 Nc4 26. Nxf6+ Qxf6 27. f5 Nxe3 28. fxe3 Rc2 29.
e4 Qxd4 30. fxg6 hxg6 31. Rxg6+ fxg6 32. Rxg6+ Qg7 33. Rxg7+ Kxg7 34. Qg4+ Kf7 35. Qf5+ Ke7 36. Qe5+ 1-0

[Event "*** Titled Tuesday Blitz"]
[Site "Chess.com"]
[Date "2021.02.16"]
[Round "11"]
[White "WilliamSchill"]
[Black "PawnEatingZombie"]
[Result "1/2-1/2"]
[WhiteElo "2052"]
[BlackElo "2124"]
[TimeControl "180+1"]
[EndTime "12:10:25 PST"]
[Termination "Game drawn by repetition"]

1. e4 c6 2. d4 d5 3. Nd2 dxe4 4.
Nxe4 Bf5 5. Qf3 e6 6. Be3 Nd7 7. Bd3 Bg6 8. Ne2 Ngf6 9. Nf4 Nxe4 10. Bxe4 Bxe4 11. Qxe4 Nf6 12. Qd3 Bd6 13. Ne2 Qc7 14. O-O-O O-O-O 15. Kb1 Kb8 16. Nc3 Bf4 17. g3 Bd6 18.
Ne4 Nxe4 19. Qxe4 Be7 20. Rd3 Ka8 21. Rhd1 Rd7 22. Bf4 Bd6 23. Bxd6 Qxd6 24. f4 Qd5 25. Qxd5 Rxd5 26. c4 Rd7 27. Kc2 Rhd8 28. Kc3 b5 29. b3 Kb7 30. Kb4 Kb6 31. Kc3 a5 32. Kc2 b4 33. R1d2 h5 34. h4 Kc7 35. Rd1 Rh8 36. Kd2 Rh6 37. Ke3 Rg6 38. Kf3 Rh6 39. d5 exd5 40. cxd5 Rhd6 41. Ke4 g6 42. dxc6 Rxd3 43.
Rxd3 Rxd3 44. Kxd3 Kxc6 45. Kc4 f6 46. Kd4 Kd6 47.
Kc4 Kc6 48. Kd4 Kd6 49. Kc4 Kc6 1/2-1/2

[Event "*** Titled Tuesday Blitz"]
[Site "Chess.com"]
[Date "2021.02.16"]
[Round "11"]
[White "lucachess49"]
[Black "ElCoachRene"]
[Result "1-0"]
[WhiteElo "2357"]
[BlackElo "2224"]
[TimeControl "180+1"]
[EndTime "12:10:26 PST"]
[Termination "lucachess49 won on time"]

1. d4 Nc6 2. d5 Ne5 3. e4 e6 4. c4 exd5 5. cxd5 Nf6 6. Nc3 Bb4 7. f3 Bxc3+ 8. bxc3 d6 9. Ne2 O-O 10. Nf4 Qe7 11. Be2 a5 12. O-O b6 13. Be3 h6 14.
Bd4 Nfd7 15. Bb5 Nc5 16. Ne2 f5 17. Ng3 fxe4 18. fxe4 Bg4 19. Qd2 Qh4 20. Bxe5 dxe5 21. d6 cxd6 22. Qxd6 Qd8 23. Bc4+ Kh8 24. Qxe5 Qd2 25.
Bd5 Rae8 26. Qd4 Qb2 27. Nf5 Bxf5 28. exf5 Rd8 29. Rad1 Qxa2 30. Bxa2 Rxd4 31. cxd4 Ne4 32. d5 Nc3 33. Rd2 Ne4 34. Rd4 Nd6 35. g3 Kh7 36. g4 g6 37. Re1 gxf5 38. Re6 fxg4 39.
Rxd6 1-0

[Event "*** Titled Tuesday Blitz"]
[Site "Chess.com"]
[Date "2021.02.16"]
[Round "11"]
[White "Spriteball"]
[Black "lelya96"]
[Result "1-0"]
[WhiteElo "2385"]
[BlackElo "2251"]
[TimeControl "180+1"]
[EndTime "12:10:27 PST"]
[Termination "Spriteball won by resignation"]

1. e4 e5 2. Nf3 Nc6 3. Bb5 a6 4. Ba4 Nf6 5. O-O b5 6. Bb3 Bc5 7. Re1 d6 8. c3 O-O 9. d4 Bb6 10. h3 h6 11. a4 Rb8 12. axb5 axb5 13.
Be3 Re8 14. Nbd2 Na5 15. Bc2 Bb7 16. d5 c6 17. b4 Bxe3 18. Rxe3 Nc4 19. Nxc4 bxc4 20.
dxc6 Bxc6 21. Qe2 Rc8 22. Nd2 d5 23. exd5 Qxd5 24. Ne4 Nh7 25. Rd1 Qe6 26. Nd6 Ng5 27.
Bf5 Qf6 28. Bxc8 Rd8 29. Rxe5 Rxd6 30. Rxd6 Qxd6 31. Ba6 Qg6 32. Kh2 Qd6 33. f4 Ne6 34. g3 Nc7 35. Bxc4 g6 36. b5 Bb7 37. Re7 Kg7 38. Rxf7+ Kg8 39. Rxc7+ 1-0

[Event "*** Titled Tuesday Blitz"]
[Site "Chess.com"]
[Date "2021.02.16"]
[Round "11"]
[White "Ajedrez_con_German"]
[Black "eduardoperalta"]
[Result "1-0"]
[WhiteElo "2587"]
[BlackElo "2424"]
[TimeControl "180+1"]
[EndTime "12:10:28 PST"]
[Termination "Ajedrez_con_German won by checkmate"]

1. c4 Nf6 2. g3 g6 3. Bg2 Bg7 4. Nc3 O-O 5. e3 d6 6. Nge2 c5 7. d4 Nc6 8. O-O Bd7 9. b3 a6 10. Bb2 Rb8 11. Rc1 Bg4 12. h3 Bf5 13. Qd2 Qc8 14.
g4 Bd7 15. Nf4 Re8 16. Rcd1 cxd4 17. exd4 b5 18. cxb5 axb5 19. Rc1 Qa6 20. Ncd5 Nxd5 21. Bxd5 Rbc8 22. a3 Bh6 23. Bxc6 Bxc6 24. d5 Bd7 25. Qd4 f6 26. Rxc8 Rxc8 27. Re1 Re8 28. Ne6 Qa5 29. b4 Qa8 30. Nc7 Qc8 31. Nxe8 Qxe8 32. h4 Bg7 33. g5 Kf7 34. Qf4 Bf5 35. gxf6 Bxf6 36. Bxf6 Kxf6 37. Qxd6+ Kf7 38. Qe5 Qd7 39. d6 exd6 40. Qd5+ Kg7 41. Rd1 Qe7 42. Qd4+ Kf7 43. Qf4 d5 44.
Rxd5 Qe1+ 45. Kh2 Ke6 46. Rxb5 Qf1 47. Rb6+ Kd5 48. Rd6# 1-0

[Event "*** Titled Tuesday Blitz"]
[Site "Chess.com"]
[Date "2021.02.16"]
[Round "11"]
[White "Tpros"]
[Black "chessdjw"]
[Result "0-1"]
[WhiteElo "2475"]
[BlackElo "2693"]
[TimeControl "180+1"]
[EndTime "12:10:30 PST"]
[Termination "chessdjw won on time"]

1. c4 g6 2. d4 Nf6 3. Nc3 d5 4. Bf4 Bg7 5. Rc1 O-O 6. e3 Be6 7. c5 c6 8. h3 Bc8 9. Bd3 Nfd7 10. Nf3 e5 11. Bxe5 Nxe5 12. Nxe5 Bxe5 13. dxe5 Nd7 14. O-O Nxc5 15. Bb1 Qe7 16. Qd4 Ne6 17. Qa4 Nc7 18. Qd4 c5 19. Nxd5 Qd8 20. Rxc5 Ne6 21. Nf6+ Qxf6 22. exf6 Nxd4 23. exd4 Rd8 24. d5 Rd6 25. Re1 Bd7 26. Rc7 Rxd5 27. Be4 Rd6 28. Bxb7 Rd8 29. Re7 Be8 30. Rc8 Rxc8 31. Bxc8 Kf8 32. Rxa7 Rxf6 33. Bg4 Rc6 34. Bf3 Rc1+ 35. Kh2 Rc2 36. b4 Rxf2 37.
a4 Rb2 38. b5 h5 39. h4 Kg7 40. Re7 Kf8 41. Rb7 Rb4 42. Ra7 Rxh4+ 0-1